 Dungeon Crawl Stone Soup version 0.30-a0-722-g3e6e8c874d (webtiles) character file.

Game seed: 13470084594697631628

494 mistaj the Trooper (level 7, -2/37 HPs)
             Began as a Vine Stalker Fighter on Jan 28, 2023.
             Succumbed to a kobold brigand's poison
             ... in a sewer.
             The game lasted 00:05:46 (2935 turns).

mistaj the Trooper (Vine Stalker Fighter)           Turns: 2935, Time: 00:05:46

Health: -2/37      AC: 17    Str: 20    XL:     7   Next: 15%
Magic:  17/17      EV:  7    Int:  8    God:
Gold:   172        SH:  5    Dex: 14    Spells: 6/6 levels left

rFire   . . .      SeeInvis .    a - +0 war axe
rCold   . . .      Faith    .    c - +0 buckler
rNeg    . . .      Spirit   +    r - +0 chain mail
rPois   .          Reflect  .    o - +2 hat
rElec   .          Harm     .    (no cloak)
rCorr   .          Rampage  .    g - +1 pair of gloves
Will    .....                    (no boots) Stlth
                                 v - amulet of magic regeneration
HPRegen 1.06/turn                h - +4 ring of protection
MPRegen 0.55/turn                p - ring of magical power

@: lethally poisoned (-2 -> -13), slowed, very slow
A: fangs 2, regeneration 1, magic shield, antimagic bite, no potion heal 2
a: no special abilities


You were in a sewer.
You visited 1 branch of the dungeon, and saw 4 of its levels.
You also visited: Sewer.

You collected 172 gold pieces.

Inventory:

Hand Weapons
 a - a +0 war axe (weapon)
Missiles
 j - 5 atropa-tipped darts (quivered)
Armour
 c - a +0 buckler (worn)
 g - a +1 pair of gloves (worn)
 o - a +2 hat (worn)
 r - a +0 chain mail (worn)
Jewellery
 h - a +4 ring of protection (left hand)
 p - a ring of magical power (right hand)
 u - a +6 ring of intelligence
 v - an amulet of magic regeneration (around neck)
Wands
 x - a wand of flame (23)
Scrolls
 e - a scroll of enchant armour
 t - a scroll of teleportation
 w - a scroll of blinking
Potions
 d - 3 potions of might
 f - 5 potions of curing
 i - a potion of magic
 k - a potion of heal wounds {unknown}
 l - a potion of degeneration {unknown}
 m - a potion of attraction {unknown}
 n - 3 potions of lignification
 q - 2 potions of brilliance {unknown}
 s - a potion of invisibility {unknown}


   Skills:
 + Level 4.2 Fighting
 + Level 3.7 Axes
 + Level 3.8 Armour
 + Level 4.2 Shields


You had 6 spell levels left.
You didn't know any spells.
Your spell library contained the following spells:

 Spells                   Type           Power      Damage    Failure   Level
 Beastly Appendage        Tmut           0%         N/A       99%         1
 Wereblood                Tmut           0%         N/A       100%        2
 Spider Form              Tmut/Pois      0%         N/A       100%        3


Dungeon Overview and Level Annotations

Branches:
Dungeon (4/15)              Sewer (1/1)
 Temple: D:4-7

Altars:
Ashenzari
Zin


Innate Abilities, Weirdness & Mutations

You have extremely sharp teeth.
Your natural rate of healing is unusually fast.
When hurt, damage is shared between your health and your magic reserves.
Your bite disrupts and absorbs the magic of your enemies.
Potions cannot restore your health.


Message History

The kobold hits you but does no damage.
Unknown command.
You are too injured to fight recklessly!
You are too injured to fight recklessly!
You are too injured to fight recklessly!
You are too injured to fight recklessly!
You slash the kobold!
You kill the kobold!
You hit the kobold brigand but do no damage.
You closely miss the kobold.
You feel very sick. The kobold brigand barely misses you.
The kobold splashes around in the water.
The kobold brigand hits you but does no damage.
You are more poisoned.
The kobold splashes around in the water.
You feel very sick. The kobold brigand barely misses you.
The kobold hits you but does no damage.
The kobold brigand splashes around in the water.
Items here: ( ) ††.
You hit the kobold but do no damage. Your bite misses the kobold.
You hit the kobold brigand.
You feel very sick. The kobold hits you with a +0 dagger.
You block the kobold brigand's attack.
The kobold splashes around in the water.
The kobold brigand hits you but does no damage.
You are more poisoned.
You barely miss the kobold. Your bite misses the kobold.
You hit the kobold brigand but do no damage.
* * * LOW HITPOINT WARNING * * *
You feel extremely sick. The kobold hits you but does no damage.
The kobold brigand hits you but does no damage.
You are lethally poisoned!
The kobold hits you but does no damage.
The kobold brigand hits you but does no damage.
You hit the kobold but do no damage. You hit the kobold brigand.
You kill the kobold brigand!
You hear a splash. x2
You die...

# #∩ ############
##.###.~~...~~..# #
........~~~~~~..# ..
~~~~~~~~~~~≈≈≈~.#...
≈≈≈≈≈≈≈≈≈≈≈≈≈≈~....
~~~≈~~~~~~~≈≈≈~.#
.....~.~..~)K~~.#
######.~~~..@~~.#
##~######### #~# #~#
#~# #~# #~# #~# #~#


You could see a kobold.

Vanquished Creatures
  Grinder (D:3)
  A phantom (D:4)
  A kobold brigand (Sewer)
  A scorpion (D:3)
  6 adders
  2 river rats
  An ufetubus (D:4)
  2 worms (D:4)
  A dart slug (D:1)
  An orc (D:2)
  5 ball pythons
  7 endoplasms
  3 giant cockroaches
  A goblin (D:3)
  3 hobgoblins
  8 jackals
  5 quokkas
  7 bats
  A frilled lizard (D:2)
  6 kobolds
  10 rats
73 creatures vanquished.

Notes
Turn   | Place    | Note
-------+----------+-------------------------------------------
     0 | D:1      | mistaj the Vine Stalker Fighter began the quest for the
                  | Orb.
     0 | D:1      | Reached XP level 1. HP: 11/11 MP: 2/2
    69 | D:1      | Reached XP level 2. HP: 16/16 MP: 3/3
   701 | D:2      | Reached XP level 3. HP: 20/20 MP: 4/4
  1121 | D:2      | Gained mutation: Your natural rate of healing is unusually
                  | fast. [Vine Stalker growth]
  1121 | D:2      | Reached XP level 4. HP: 22/24 MP: 5/5
  1524 | D:3      | Noticed Grinder
  1758 | D:3      | Noticed a scorpion
  1767 | D:3      | Killed a scorpion
  1768 | D:3      | Reached XP level 5. HP: 25/28 MP: 6/6
  2082 | D:3      | Killed Grinder
  2083 | D:3      | Reached XP level 6. HP: 33/33 MP: 7/7
  2681 | D:4      | Found a broken altar of Ashenzari.
  2719 | D:4      | Reached XP level 7. HP: 37/37 MP: 8/8
  2735 | D:4      | Found a glowing silver altar of Zin.
  2856 | D:4      | Found a glowing drain.
  2860 | Sewer    | Entered a sewer
  2935 | Sewer    | Succumbed to a kobold brigand's poison

Illustrated notes

Levels and vault maps discovered:
D:1:      scummos_arrival_simple_fountains, layout_basic, bh_walls_and_bars
D:2:      layout_basic, st_stairs_2, minmay_vboxes
D:3:      layout_loops_ring, minmay_box_of_dots, uniq_grinder
D:4:      layout_basic, pdpol_temple_overflow_zin_treasury_gozag_greed,
          evilmike_ruin_ashenzari, gup_sewer_entry_spiral,
          hangedman_decor_lopped, minmay_ogre_servants
Sewer:    sewer_kobolds

Skill      XL: |  1  2  3  4  5 |
---------------+----------------+-----
Axes           | 2 3 |  3.7
Fighting       | 3 4 |  4.2
Shields        | 3 4 |  4.2
Armour         | 3 |  3.8

Action                     |  1- 3 |  4- 6 |  7- 9 || total
---------------------------+-------+-------+-------++-------
  Melee: War axe           |    58 |    84 |    62 ||   204
         Bite              |    13 |    19 |    11 ||    43
    Use: Scroll            |     3 |     5 |     1 ||     9
 Armour: Scale mail        |    35 |    63 |    13 ||   111
         Chain mail        |       |       |    15 ||    15
  Dodge: Dodged            |    26 |    42 |    26 ||    94
  Block: Buckler           |    16 |    29 |    17 ||    62

Table legend: (Time is in decaauts)
 A = Elapsed time spent in this place.
 B = Non-inter-level travel time spent in this place.
 C = Inter-level travel time spent in this place.
 D = Time resting spent in this place.
 E = Time spent auto-exploring this place.
 F = Levels seen in this place.
 G = Mean time per level.
                   A        B        C        D        E       F      G
               +--------+--------+--------+--------+--------+-----+--------+
         Total |   3052 |   2939 |    113 |    303 |   1749 |   5 |  610.4 |
       Dungeon |   2951 |   2838 |    113 |    303 |   1711 |   4 |  737.8 |
         Sewer |    100 |    100 |      0 |      0 |     38 |   1 |  100.0 |
               +--------+--------+--------+--------+--------+-----+--------+

Top non-repeatable levels by time:
     D:3: 1122 daAuts
     D:2: 892 daAuts
     D:1: 669 daAuts
     D:4: 267 daAuts
   Sewer: 100 daAuts
